 Dungeon Crawl Stone Soup version 0.17-a0-1831-gaadb308 (webtiles) character file.

49 ololoev the Conjurer (level 3, 0/26 HPs)
             Began as a Draconian Conjurer on Sept 14, 2015.
             Slain by a hobgoblin (2 damage)
             ... led by Robin
             ... on level 1 of the Dungeon.
             The game lasted 00:06:55 (2137 turns).

ololoev the Conjurer (Draconian Conjurer)           Turns: 2137, Time: 00:06:56

Health: 0/26       AC:  5    Str: 10    XL:     3   Next: 51%
Magic:  3/7        EV: 12    Int: 16    God:
Gold:   57         SH:  0    Dex: 11    Spells: 2 memorised, 4 levels left

rFire  . . .     SeeInvis .     (no weapon)
rCold  . . .     Clarity  .     (armour unavailable)
rNeg   . . .     SustAt   .     (no shield)
rPois  .         Gourm    .     (helmet restricted)
rElec  .         Spirit   .     (no cloak)
rCorr  .         Warding  .     (no gloves)
rMut   .         Stasis   .     (no boots)
MR     .....                    (no amulet)
Stlth  +++.......               (no ring)
                                i - ring of stealth

@: slowed, very slow, not resistant to hostile enchantments, fairly stealthy
A: unfitting armour, cold-blooded, AC +5
a: no special abilities


Innate Abilities, Weirdness & Mutations

Your plain brown scales are hard (AC +5).
Your body does not fit into most forms of armour.
You are cold-blooded and may be slowed by cold attacks.

Inventory:

Jewellery
 i - a ring of stealth (left hand)
Scrolls
 d - a scroll of identify {unknown}
Potions
 c - a potion of cure mutation {unknown}
 e - a potion of ambrosia {unknown}
 j - a potion of lignification {unknown}
Books
 a - a book of Conjurations

   Spells                             Type                      Level
   a - Magic Dart                     Conjuration                  1
   b - Searing Ray                    Conjuration                  2
   c - Dazzling Spray                 Conjuration/Hexes            3
   d - Fulminant Prism                Conjuration/Hexes            4
   e - Iskenderun's Mystic Blast      Conjuration                  4
   f - Iskenderun's Battlesphere      Conjuration/Charms           5
Comestibles
 b - a bread ration
 f - 5 fruits
 g - a slice of pizza
 h - 3 chunks of flesh


   Skills:
 - Level 1.7 Dodging
 - Level 1.7 Stealth
 + Level 2.7 Spellcasting
 * Level 4.8 Conjurations


You had 4 spell levels left.
You knew the following spells:

 Your Spells              Type           Power        Failure   Level  Hunger
a - Magic Dart            Conj           ###.         2%          1    #......
b - Searing Ray           Conj           ###...       4%          2    ##.....


You were on level 1 of the Dungeon.
You were hungry.

You visited 1 branch of the dungeon, and saw 2 of its levels.

You collected 57 gold pieces.

..#####.#.#.....#.......# #.#
........#.#.....#.......# #.#
.......)..#.............# #.##
........#.#...#.#.......# #..#
..#####.#.......#.......# ##.#
........#.#.....#.......# #.#
..#####.#.....###.......# #.#
..#####.#>.##.###.#####.# #.#
.....##.#..##.gg@....##.#####.#
..##.##.#.....###.##..........#
#.##.##.##...#.##.#####.#######
#....(..#####.###.......#
####.#### ### ######### ####.##
......## #......# #.#....#

Notes
Turn   | Place    | Note
--------------------------------------------------------------
     0 | D:1      | ololoev the Draconian Conjurer began the quest for the Orb.
     0 | D:1      | Reached XP level 1. HP: 14/14 MP: 3/3
   235 | D:1      | Reached XP level 2. HP: 7/20 MP: 0/5
   239 | D:1      | Learned a level 2 spell: Searing Ray
  1255 | D:2      | Reached XP level 3. HP: 26/26 MP: 2/6
  1310 | D:2      | Noticed Terence
  1515 | D:2      | Noticed Robin
  2134 | D:1      | HP: 1/26 [goblin[Robin] (2)]
  2137 | D:1      | Slain by a hobgoblin

Dungeon Overview and Level Annotations

Branches:
Dungeon (2/15)

Altars:

Annotations:
D:1 Terence
D:2 Robin


Message History

Confirm with . or Enter, or press ? or * to list all spells.
Aiming: Magic Dart
Press: ? - help, Shift-Dir - straight line, f - Robin
Aim: Robin, wielding a mace, wearing an animal skin, wearing a helmet and carrying a wand of slowing {zapped: 3} (moderately wounded)
The magic dart hits Robin.
Robin is moderately wounded.
Robin hits you with a mace. The goblin barely misses you.
The hobgoblin barely misses you.
A hobgoblin comes into view.
Robin throws the goblin at you! The goblin closely misses you.
The goblin barely misses you. The hobgoblin misses you.
You hit the goblin.
You kill the goblin!
The goblin hits you. The hobgoblin hits you. Robin hits you with a mace.
Robin roars a battlecry!
The goblin goes into a battle-frenzy!
The goblin hits you. The hobgoblin closely misses you.
You see here a club.
Robin zaps a wand.
You resist with significant effort. The goblin closely misses you.
Robin roars a battlecry!
The goblin goes into a battle-frenzy!
The hobgoblin closely misses you. The goblin closely misses you.
There is a stone staircase leading up here.
You see here a -3 whip.
The goblin hits you. The hobgoblin hits you.
Robin roars a battlecry!
The hobgoblin goes into a battle-frenzy!
Robin zaps a wand.
You resist with significant effort.
You climb upwards.
Level annotation: Terence Your magical contamination has completely faded away.
There is a stone staircase leading down here.
The hobgoblin hits you. The hobgoblin misses you. The goblin barely misses you.
The hobgoblin closely misses you. The goblin closely misses you.
The hobgoblin closely misses you. The goblin hits you.
The hobgoblin closely misses you. The hobgoblin hits you.
You die...

You could see a hobgoblin (frenzied) and a goblin.

Vanquished Creatures
  An adder (D:2)
  3 giant geckos
  A ball python (D:1)
  4 giant cockroaches
  6 hobgoblins
  5 kobolds
  2 bats
  A giant newt (D:1)
  7 goblins
  6 rats
36 creatures vanquished.

Action                   || total
-------------------------++-------
Melee: Whip              ||    80
       Unarmed           ||     1
 Cast: Magic Dart        ||    47
       Searing Ray       ||     6
  Use: Scroll            ||     1
 Stab: Sleeping          ||     2
  Eat: Chunk             ||     4

Vault maps used:
D:1:      ncdulo_lavacross
D:2:      kennysheep_the_goblin_king, uniq_terence, uniq_robin
